3124 views
Uploaded 2020-03-17 21:57:36
Game version 1.32.2
12:07 long 4on4 ladder game on (8)Northshire_LV
Saved by BEARAND
3124 views
Uploaded 2020-03-17 21:57:36
Game version 1.32.2
12:07 long 4on4 ladder game on (8)Northshire_LV


72 units @ 5.6k
/ 0k
156 buildings @ 10.5k
/ 4.7k


| Rod of Necromancy | 2 | 300 |
| Sacrificial Skull | 2 | 100 |
| Scroll of Regeneration | 1 | 100 |
| Staff of Sanctuary | 1 | 250 |
| total: | 6 | 750g |
| Acolyte | 6 | 450 | / | 0 |
| Ghoul | 10 | 1200 | / | 0 |
| total: | 16 | 1650g | / | 0w |
| Nerubian Tower | 2 | 200 | / | 40 |
| Spirit Tower | 1 | 145 | / | 40 |
| Crypt | 1 | 200 | / | 50 |
| Altar of Darkness | 1 | 180 | / | 50 |
| Ziggurat | 4 | 600 | / | 200 |
| Tomb of Relics | 2 | 260 | / | 60 |
| Graveyard | 1 | 215 | / | 0 |
| Halls of the Dead | 1 | 320 | / | 210 |
| Black Citadel | 1 | 325 | / | 230 |
| total: | 9 | 1455g | / | 360w |
| 0:01 | Acolyte |
| 0:04 | Crypt |
| 0:12 | Acolyte |
| 0:19 | Altar of Darkness |
| 0:21 | Ziggurat |
| 1:00 | Tomb of Relics |
| 1:08 | Ghoul |
| 1:12 | Ziggurat |
| 1:25 | Ghoul |
| 1:37 | Ghoul |
| 2:04 | Ghoul |
| 2:20 | Graveyard |
| 2:23 | Death Coil |
| 2:31 | Rod of Necromancy |
| 2:34 | Ghoul |
| 2:56 | Ghoul |
| 3:03 | Acolyte |
| 3:15 | Ghoul |
| 3:32 | Acolyte |
| 3:35 | Unholy Aura |
| 3:41 | Acolyte |
| 3:49 | Acolyte |
| 4:41 | Ziggurat |
| 4:54 | Sacrificial Skull |
| 5:43 | Halls of the Dead |
| 5:47 | Death Coil |
| 5:55 | Ghoul |
| 6:30 | Ziggurat |
| 7:12 | Rod of Necromancy |
| 7:12 | Sacrificial Skull |
| 8:38 | Nerubian Tower |
| 8:49 | Nerubian Tower |
| 9:02 | Black Citadel |
| 9:09 | Ghoul |
| 9:27 | Ghoul |
| 9:32 | Frost Nova |
| 9:34 | Tomb of Relics |
| 10:47 | Spirit Tower |
| 11:43 | Scroll of Regeneration |
| 11:45 | Staff of Sanctuary |
| Right click | 677 |
| Assign group | 341 |
| Select group | 330 |
| Select | 177 |
| Chat | 142 |
| Resource trade | 99 |
| Build/train/purchase | 41 |
| Use ability | 16 |
| Misc. action | 10 |
| Item give/drop | 5 |
| Remove unit | 1 |
| Minimap ping | 1 |



| Staff of Teleportation | 3 | 450 |
| Boots of Speed | 1 | 250 |
| Staff of Sanctuary | 3 | 750 |
| total: | 7 | 1450g |
| Wisp | 23 | 1380 | / | 0 |
| total: | 23 | 1380g | / | 0w |
| Altar of Elders | 1 | 180 | / | 50 |
| Moon Well | 6 | 1080 | / | 240 |
| Ancient of War | 1 | 150 | / | 60 |
| Tree of Life | 3 | 1020 | / | 555 |
| Ancient of Wonders | 1 | 90 | / | 30 |
| Tree of Ages | 1 | 320 | / | 180 |
| Tree of Eternity | 1 | 330 | / | 200 |
| total: | 12 | 2520g | / | 935w |
| 0:01 | Wisp |
| 0:05 | Altar of Elders |
| 0:13 | Wisp |
| 0:19 | Wisp |
| 0:30 | Moon Well |
| 0:31 | Moon Well |
| 0:33 | Wisp |
| 0:46 | Wisp |
| 1:02 | Wisp |
| 1:21 | Moon Well |
| 1:25 | Moon Well |
| 1:27 | Moon Well |
| 1:30 | Wisp |
| 1:37 | Wisp |
| 1:48 | Wisp |
| 1:59 | Wisp |
| 2:28 | Force of Nature |
| 2:43 | Wisp |
| 2:43 | Wisp |
| 2:43 | Wisp |
| 2:57 | Ancient of War |
| 3:29 | Wisp |
| 3:29 | Wisp |
| 3:45 | Wisp |
| 3:50 | Entangling Roots |
| 4:01 | Tree of Ages |
| 5:47 | Staff of Teleportation |
| 6:55 | Tree of Eternity |
| 7:20 | Soul Burn |
| 8:14 | Moon Well |
| 9:16 | Entangling Roots |
| 9:31 | Frost Arrows |
| 9:41 | Staff of Teleportation |
| 9:41 | Boots of Speed |
| 9:47 | Wisp |
| 9:47 | Wisp |
| 9:47 | Wisp |
| 9:47 | Wisp |
| 10:11 | Tree of Life |
| 10:22 | Tree of Life |
| 10:44 | Ancient of Wonders |
| 10:52 | Tree of Life |
| 10:56 | Staff of Sanctuary |
| 10:58 | Staff of Sanctuary |
| 11:01 | Staff of Sanctuary |
| 11:13 | Staff of Teleportation |
| 11:47 | Wisp |
| 11:47 | Wisp |
| 11:47 | Wisp |
| Right click | 673 |
| Select | 326 |
| Select group | 123 |
| Resource trade | 95 |
| Assign group | 70 |
| Build/train/purchase | 49 |
| Use ability | 25 |
| Misc. action | 7 |
| Item give/drop | 6 |
| Minimap ping | 5 |
| Remove unit | 1 |


| Boots of Speed | 1 | 250 |
| Staff of Teleportation | 1 | 150 |
| Circlet of Nobility | 1 | 175 |
| total: | 3 | 575g |
| Peasant | 18 | 1350 | / | 0 |
| Priest | 1 | 135 | / | 10 |
| total: | 19 | 1485g | / | 10w |
| Scout Tower | 72 | 2160 | / | 1440 |
| Arcane Tower | 7 | 490 | / | 350 |
| Guard Tower | 36 | 2520 | / | 1800 |
| Altar of Kings | 1 | 180 | / | 50 |
| Farm | 4 | 320 | / | 80 |
| Lumber Mill | 1 | 120 | / | 0 |
| Town Hall | 1 | 385 | / | 205 |
| Arcane Vault | 3 | 390 | / | 90 |
| Arcane Sanctum | 1 | 150 | / | 140 |
| Keep | 1 | 320 | / | 210 |
| Castle | 1 | 360 | / | 210 |
| total: | 83 | 3705g | / | 2005w |
| 0:03 | Peasant |
| 0:03 | Peasant |
| 0:07 | Altar of Kings |
| 0:10 | Farm |
| 0:23 | Peasant |
| 0:33 | Peasant |
| 0:44 | Peasant |
| 1:07 | Scout Tower |
| 1:08 | Peasant |
| 1:12 | Farm |
| 1:21 | Lumber Mill |
| 1:24 | Scout Tower |
| 1:25 | Peasant |
| 1:25 | Peasant |
| 1:38 | Arcane Tower |
| 1:40 | Scout Tower |
| 1:41 | Peasant |
| 1:45 | Scout Tower |
| 1:47 | Peasant |
| 1:56 | Scout Tower |
| 2:03 | Peasant |
| 2:03 | Peasant |
| 2:09 | Scout Tower |
| 2:10 | Arcane Tower |
| 2:14 | Blizzard |
| 2:19 | Arcane Tower |
| 2:20 | Scout Tower |
| 2:43 | Guard Tower |
| 2:45 | Scout Tower |
| 2:46 | Scout Tower |
| 2:49 | Scout Tower |
| 2:50 | Guard Tower |
| 2:52 | Scout Tower |
| 2:54 | Scout Tower |
| 2:55 | Scout Tower |
| 3:02 | Peasant |
| 3:02 | Peasant |
| 3:13 | Guard Tower |
| 3:17 | Guard Tower |
| 3:20 | Scout Tower |
| 3:22 | Guard Tower |
| 3:25 | Scout Tower |
| 3:45 | Brilliance Aura |
| 3:59 | Town Hall |
| 4:05 | Guard Tower |
| 4:06 | Scout Tower |
| 4:08 | Guard Tower |
| 4:10 | Scout Tower |
| 4:24 | Guard Tower |
| 4:29 | Scout Tower |
| 4:30 | Scout Tower |
| 4:31 | Scout Tower |
| 4:55 | Boots of Speed |
| 4:56 | Staff of Teleportation |
| 5:01 | Circlet of Nobility |
| 5:10 | Keep |
| 5:12 | Scout Tower |
| 5:12 | Scout Tower |
| 5:14 | Guard Tower |
| 5:15 | Scout Tower |
| 5:21 | Scout Tower |
| 5:22 | Scout Tower |
| 5:24 | Scout Tower |
| 5:36 | Scout Tower |
| 5:38 | Scout Tower |
| 5:42 | Arcane Vault |
| 5:43 | Arcane Vault |
| 5:44 | Arcane Vault |
| 5:47 | Scout Tower |
| 5:48 | Scout Tower |
| 5:50 | Scout Tower |
| 5:51 | Peasant |
| 5:51 | Peasant |
| 5:54 | Scout Tower |
| 5:55 | Scout Tower |
| 5:56 | Scout Tower |
| 5:58 | Guard Tower |
| 5:59 | Scout Tower |
| 6:06 | Guard Tower |
| 6:29 | Guard Tower |
| 6:32 | Scout Tower |
| 6:34 | Guard Tower |
| 6:37 | Arcane Tower |
| 6:37 | Guard Tower |
| 6:39 | Scout Tower |
| 6:40 | Scout Tower |
| 6:44 | Arcane Tower |
| 6:45 | Guard Tower |
| 7:05 | Guard Tower |
| 7:12 | Scout Tower |
| 7:14 | Guard Tower |
| 7:18 | Scout Tower |
| 7:19 | Scout Tower |
| 7:22 | Guard Tower |
| 7:29 | Arcane Tower |
| 7:31 | Guard Tower |
| 7:41 | Guard Tower |
| 7:45 | Guard Tower |
| 7:47 | Scout Tower |
| 7:47 | Scout Tower |
| 7:54 | Arcane Sanctum |
| 8:00 | Scout Tower |
| 8:03 | Improved Masonry |
| 8:23 | Castle |
| 8:26 | Scout Tower |
| 8:28 | Scout Tower |
| 8:30 | Guard Tower |
| 8:32 | Scout Tower |
| 8:41 | Storm Bolt |
| 8:45 | Guard Tower |
| 8:47 | Scout Tower |
| 8:48 | Scout Tower |
| 8:49 | Scout Tower |
| 8:49 | Scout Tower |
| 9:03 | Guard Tower |
| 9:09 | Scout Tower |
| 9:16 | Guard Tower |
| 9:28 | Blizzard |
| 9:31 | Guard Tower |
| 9:33 | Guard Tower |
| 9:35 | Scout Tower |
| 9:37 | Scout Tower |
| 9:38 | Guard Tower |
| 9:40 | Scout Tower |
| 9:40 | Scout Tower |
| 9:42 | Scout Tower |
| 9:52 | Advanced Masonry |
| 9:52 | Improved Lumber Harvesting |
| 9:55 | Magic Sentry |
| 9:55 | Priest Adept Training |
| 9:55 | Priest |
| 10:29 | Guard Tower |
| 10:30 | Scout Tower |
| 10:33 | Scout Tower |
| 10:34 | Scout Tower |
| 10:37 | Guard Tower |
| 10:43 | Guard Tower |
| 10:48 | Scout Tower |
| 10:49 | Scout Tower |
| 10:53 | Scout Tower |
| 10:54 | Scout Tower |
| 10:56 | Guard Tower |
| 11:07 | Farm |
| 11:08 | Farm |
| 11:16 | Imbued Masonry |
| 11:33 | Guard Tower |
| 11:39 | Scout Tower |
| 11:42 | Scout Tower |
| 11:47 | Scout Tower |
| 11:48 | Guard Tower |
| 11:50 | Scout Tower |
| 11:51 | Scout Tower |
| 11:51 | Scout Tower |
| 11:58 | Peasant |
| 11:58 | Peasant |
| 12:00 | Guard Tower |
| 12:02 | Scout Tower |
| 12:03 | Scout Tower |
| Right click | 470 |
| Select group | 221 |
| Select | 210 |
| Build/train/purchase | 97 |
| Chat | 33 |
| Use ability | 24 |
| Assign group | 12 |
| Misc. action | 10 |
| Minimap ping | 10 |
| Item give/drop | 5 |


| Scroll of Regeneration | 2 | 200 |
| Staff of Sanctuary | 1 | 250 |
| Staff of Teleportation | 2 | 300 |
| Boots of Speed | 2 | 500 |
| total: | 7 | 1250g |
| Peasant | 13 | 975 | / | 0 |
| Priest | 1 | 135 | / | 10 |
| total: | 14 | 1110g | / | 10w |
| Scout Tower | 41 | 1230 | / | 820 |
| Arcane Tower | 5 | 350 | / | 250 |
| Guard Tower | 44 | 3080 | / | 2200 |
| Altar of Kings | 1 | 180 | / | 50 |
| Farm | 4 | 320 | / | 80 |
| Lumber Mill | 1 | 120 | / | 0 |
| Arcane Vault | 3 | 390 | / | 90 |
| Town Hall | 1 | 385 | / | 205 |
| Arcane Sanctum | 1 | 150 | / | 140 |
| Keep | 1 | 320 | / | 210 |
| Castle | 2 | 720 | / | 420 |
| total: | 52 | 2775g | / | 1385w |
| 0:01 | Peasant |
| 0:02 | Peasant |
| 0:06 | Altar of Kings |
| 0:14 | Peasant |
| 0:18 | Farm |
| 0:19 | Peasant |
| 0:29 | Peasant |
| 0:48 | Lumber Mill |
| 0:52 | Peasant |
| 0:58 | Peasant |
| 1:04 | Peasant |
| 1:11 | Peasant |
| 1:19 | Scout Tower |
| 1:24 | Scout Tower |
| 1:33 | Farm |
| 1:35 | Peasant |
| 1:35 | Peasant |
| 1:42 | Scout Tower |
| 1:45 | Arcane Tower |
| 1:48 | Scout Tower |
| 1:56 | Arcane Tower |
| 1:57 | Peasant |
| 2:05 | Blizzard |
| 2:12 | Guard Tower |
| 2:13 | Scout Tower |
| 2:25 | Guard Tower |
| 2:25 | Scout Tower |
| 2:27 | Peasant |
| 2:38 | Scout Tower |
| 2:39 | Guard Tower |
| 3:06 | Guard Tower |
| 3:07 | Scout Tower |
| 3:08 | Scout Tower |
| 3:12 | Guard Tower |
| 3:13 | Scout Tower |
| 3:13 | Scout Tower |
| 3:15 | Brilliance Aura |
| 3:31 | Keep |
| 3:41 | Guard Tower |
| 3:47 | Staff of Teleportation |
| 3:47 | Boots of Speed |
| 4:52 | Scout Tower |
| 4:56 | Farm |
| 4:58 | Farm |
| 5:04 | Guard Tower |
| 5:05 | Scout Tower |
| 5:15 | Scout Tower |
| 5:17 | Guard Tower |
| 5:20 | Scout Tower |
| 5:20 | Scout Tower |
| 5:21 | Scout Tower |
| 5:28 | Scout Tower |
| 5:29 | Scout Tower |
| 5:29 | Scout Tower |
| 5:33 | Improved Masonry |
| 5:34 | Arcane Tower |
| 5:38 | Scout Tower |
| 5:39 | Scout Tower |
| 5:48 | Guard Tower |
| 6:04 | Guard Tower |
| 6:04 | Guard Tower |
| 6:06 | Guard Tower |
| 6:31 | Guard Tower |
| 6:33 | Scout Tower |
| 6:34 | Scout Tower |
| 6:34 | Scout Tower |
| 6:36 | Guard Tower |
| 6:37 | Guard Tower |
| 6:51 | Advanced Masonry |
| 6:52 | Imbued Masonry |
| 6:55 | Guard Tower |
| 6:58 | Storm Bolt |
| 7:13 | Guard Tower |
| 7:14 | Guard Tower |
| 7:15 | Scout Tower |
| 7:16 | Scout Tower |
| 7:16 | Scout Tower |
| 7:27 | Boots of Speed |
| 7:33 | Scroll of Regeneration |
| 7:48 | Staff of Teleportation |
| 8:03 | Guard Tower |
| 8:03 | Guard Tower |
| 8:05 | Scout Tower |
| 8:20 | Arcane Vault |
| 8:47 | Arcane Sanctum |
| 8:56 | Guard Tower |
| 8:57 | Scout Tower |
| 8:58 | Scout Tower |
| 9:02 | Arcane Vault |
| 9:09 | Castle |
| 9:12 | Guard Tower |
| 9:13 | Arcane Vault |
| 9:57 | Guard Tower |
| 9:57 | Guard Tower |
| 9:58 | Guard Tower |
| 9:59 | Scout Tower |
| 10:03 | Scout Tower |
| 10:03 | Scout Tower |
| 10:03 | Guard Tower |
| 10:13 | Magic Sentry |
| 10:14 | Improved Lumber Harvesting |
| 10:22 | Priest |
| 10:26 | Scroll of Regeneration |
| 10:53 | Town Hall |
| 10:55 | Scout Tower |
| 10:56 | Scout Tower |
| 10:57 | Scout Tower |
| 10:58 | Scout Tower |
| 10:59 | Scout Tower |
| 11:26 | Guard Tower |
| 11:27 | Guard Tower |
| 11:28 | Scout Tower |
| 11:29 | Scout Tower |
| 11:33 | Staff of Sanctuary |
| Right click | 1002 |
| Select | 315 |
| Select group | 155 |
| Build/train/purchase | 130 |
| Misc. action | 20 |
| Use ability | 20 |
| Chat | 20 |
| Assign group | 9 |
| Minimap ping | 6 |
| Item give/drop | 3 |
111 units @ 13.3k
/ 0.9k
57 buildings @ 10.4k
/ 4.5k

| Peon | 6 | 450 | / | 0 |
| Grunt | 19 | 3800 | / | 0 |
| total: | 25 | 4250g | / | 0w |
| Altar of Storms | 1 | 180 | / | 50 |
| Orc Burrow | 6 | 960 | / | 240 |
| Barracks | 2 | 360 | / | 100 |
| Voodoo Lounge | 1 | 130 | / | 30 |
| War Mill | 1 | 205 | / | 0 |
| Stronghold | 1 | 315 | / | 190 |
| total: | 11 | 1835g | / | 420w |
| 0:04 | Peon |
| 0:04 | Peon |
| 0:04 | Peon |
| 0:15 | Altar of Storms |
| 0:19 | Orc Burrow |
| 0:25 | Peon |
| 0:41 | Barracks |
| 1:02 | Peon |
| 1:27 | Orc Burrow |
| 1:32 | Orc Burrow |
| 1:45 | Grunt |
| 1:50 | Grunt |
| 2:08 | Barracks |
| 2:26 | Grunt |
| 2:31 | Feral Spirit |
| 2:51 | Grunt |
| 3:01 | Orc Burrow |
| 3:30 | Grunt |
| 3:38 | Orc Burrow |
| 4:01 | Grunt |
| 4:24 | Grunt |
| 4:27 | Grunt |
| 4:39 | Voodoo Lounge |
| 4:44 | Grunt |
| 5:19 | Grunt |
| 5:24 | Grunt |
| 6:06 | Orc Burrow |
| 6:07 | Grunt |
| 7:25 | Stronghold |
| 7:30 | Grunt |
| 7:32 | Grunt |
| 7:45 | Chain Lighting |
| 7:46 | Chain Lighting |
| 8:21 | War Mill |
| 8:22 | Grunt |
| 8:31 | Grunt |
| 9:07 | Grunt |
| 9:58 | Berserker Strength |
| 10:01 | Grunt |
| 10:03 | Grunt |
| 10:19 | Peon |
| Right click | 390 |
| Select | 131 |
| Build/train/purchase | 37 |
| Misc. action | 12 |
| Select group | 6 |
| Assign group | 5 |
| Remove unit | 4 |
| Minimap ping | 2 |

| Lesser Clarity Potion | 2 | 140 |
| Potion of Mana | 2 | 400 |
| Potion of Healing | 2 | 300 |
| total: | 6 | 840g |
| Wisp | 14 | 840 | / | 0 |
| Archer | 1 | 130 | / | 10 |
| Chimaera | 4 | 1320 | / | 280 |
| Goblin Zeppelin | 1 | 240 | / | 60 |
| total: | 20 | 2530g | / | 350w |
| Ancient Protector | 2 | 270 | / | 160 |
| Altar of Elders | 1 | 180 | / | 50 |
| Moon Well | 4 | 720 | / | 160 |
| Ancient of War | 1 | 150 | / | 60 |
| Ancient of Wonders | 1 | 90 | / | 30 |
| Hunter's Hall | 1 | 210 | / | 100 |
| Tree of Life | 1 | 340 | / | 185 |
| Ancient of Wind | 1 | 150 | / | 140 |
| Chimaera Roost | 2 | 280 | / | 380 |
| Tree of Ages | 1 | 320 | / | 180 |
| Tree of Eternity | 1 | 330 | / | 200 |
| total: | 14 | 2390g | / | 1265w |
| 0:03 | Wisp |
| 0:04 | Wisp |
| 0:19 | Altar of Elders |
| 0:27 | Moon Well |
| 0:31 | Wisp |
| 0:44 | Wisp |
| 0:44 | Wisp |
| 0:56 | Ancient of War |
| 0:57 | Wisp |
| 1:14 | Wisp |
| 1:30 | Wisp |
| 1:37 | Moon Well |
| 1:42 | Ancient of Wonders |
| 1:52 | Wisp |
| 1:52 | Wisp |
| 1:52 | Wisp |
| 1:52 | Wisp |
| 1:52 | Wisp |
| 2:10 | Wisp |
| 2:25 | Fan of Knives |
| 2:57 | Tree of Ages |
| 3:03 | Lesser Clarity Potion |
| 3:03 | Lesser Clarity Potion |
| 3:20 | Hunter's Hall |
| 4:59 | Strength of the Wild |
| 5:02 | Ancient Protector |
| 5:19 | Tree of Eternity |
| 5:28 | Tree of Life |
| 5:32 | Archer |
| 5:42 | Ancient of Wind |
| 6:37 | Blink |
| 7:08 | Potion of Mana |
| 7:08 | Potion of Healing |
| 7:21 | Goblin Zeppelin |
| 7:43 | Chimaera Roost |
| 7:44 | Chimaera Roost |
| 8:57 | Improved Strength of the Wild |
| 9:07 | Chimaera |
| 9:09 | Chimaera |
| 9:19 | Moon Well |
| 9:21 | Moon Well |
| 10:00 | Chimaera |
| 10:07 | Fan of Knives |
| 10:18 | Reinforced Hides |
| 10:21 | Ancient Protector |
| 10:57 | Potion of Mana |
| 10:57 | Potion of Healing |
| 12:03 | Chimaera |
| Right click | 483 |
| Select | 180 |
| Select group | 118 |
| Chat | 112 |
| Build/train/purchase | 58 |
| Minimap ping | 18 |
| Assign group | 13 |
| Use ability | 13 |
| Remove unit | 2 |
| Misc. action | 1 |


| Lesser Clarity Potion | 2 | 140 |
| total: | 2 | 140g |
| Wisp | 23 | 1380 | / | 0 |
| Archer | 6 | 780 | / | 60 |
| Druid of the Talon | 3 | 435 | / | 60 |
| Dryad | 1 | 145 | / | 60 |
| Hippogryph | 1 | 160 | / | 20 |
| Goblin Shredder | 1 | 375 | / | 100 |
| Assassin | 1 | 250 | / | 30 |
| total: | 36 | 3525g | / | 330w |
| Altar of Elders | 1 | 180 | / | 50 |
| Moon Well | 6 | 1080 | / | 240 |
| Ancient of War | 1 | 150 | / | 60 |
| Ancient of Wonders | 1 | 90 | / | 30 |
| Tree of Life | 4 | 1360 | / | 740 |
| Hunter's Hall | 1 | 210 | / | 100 |
| Ancient of Lore | 2 | 310 | / | 290 |
| Ancient of Wind | 2 | 300 | / | 280 |
| Tree of Ages | 1 | 320 | / | 180 |
| Tree of Eternity | 1 | 330 | / | 200 |
| total: | 18 | 3680g | / | 1790w |
| 0:03 | Wisp |
| 0:03 | Wisp |
| 0:24 | Altar of Elders |
| 0:30 | Moon Well |
| 0:47 | Wisp |
| 0:47 | Wisp |
| 1:04 | Wisp |
| 1:07 | Ancient of War |
| 1:10 | Wisp |
| 1:20 | Wisp |
| 1:26 | Wisp |
| 1:34 | Wisp |
| 1:53 | Moon Well |
| 1:55 | Wisp |
| 2:08 | Archer |
| 2:16 | Moon Well |
| 2:23 | Ancient of Wonders |
| 2:25 | Force of Nature |
| 2:47 | Archer |
| 3:01 | Wisp |
| 3:01 | Wisp |
| 3:01 | Wisp |
| 3:16 | Archer |
| 3:39 | Archer |
| 3:58 | Tree of Life |
| 4:12 | Entangling Roots |
| 4:27 | Tree of Life |
| 4:29 | Tree of Life |
| 4:31 | Tree of Life |
| 4:42 | Tree of Ages |
| 5:05 | Lesser Clarity Potion |
| 5:06 | Lesser Clarity Potion |
| 5:08 | Archer |
| 5:38 | Hunter's Hall |
| 5:55 | Goblin Shredder |
| 6:03 | Force of Nature |
| 6:08 | Assassin |
| 6:22 | Archer |
| 7:08 | Ancient of Lore |
| 7:09 | Ancient of Lore |
| 7:12 | Ancient of Wind |
| 7:15 | Ancient of Wind |
| 8:20 | Druid of the Talon Adept Training |
| 8:21 | Druid of the Talon |
| 8:22 | Abolish Magic |
| 8:23 | Dryad |
| 8:27 | Wisp |
| 8:28 | Wisp |
| 8:28 | Wisp |
| 8:28 | Wisp |
| 8:34 | Wisp |
| 8:35 | Nature's Blessing |
| 9:02 | Rain of Fire |
| 9:15 | Druid of the Talon |
| 9:31 | Druid of the Talon |
| 9:39 | Wisp |
| 9:40 | Wisp |
| 9:40 | Wisp |
| 9:43 | Tree of Eternity |
| 10:01 | Wisp |
| 10:01 | Wisp |
| 10:05 | Moon Well |
| 10:38 | Moon Well |
| 10:39 | Moon Well |
| 11:17 | Hippogryph |
| Right click | 410 |
| Select group | 285 |
| Select | 203 |
| Misc. action | 93 |
| Build/train/purchase | 58 |
| Assign group | 29 |
| Use ability | 18 |
| Esc | 8 |
| Item give/drop | 1 |


| Wisp | 16 | 960 | / | 0 |
| Archer | 8 | 1040 | / | 80 |
| Hippogryph | 6 | 960 | / | 120 |
| total: | 30 | 2960g | / | 200w |
| Moon Well | 6 | 1080 | / | 240 |
| Ancient of War | 2 | 300 | / | 120 |
| Altar of Elders | 1 | 180 | / | 50 |
| Hunter's Hall | 1 | 210 | / | 100 |
| Ancient of Wonders | 1 | 90 | / | 30 |
| Tree of Life | 1 | 340 | / | 185 |
| Ancient of Wind | 2 | 300 | / | 280 |
| Tree of Ages | 1 | 320 | / | 180 |
| Tree of Eternity | 1 | 330 | / | 200 |
| total: | 14 | 2500g | / | 1005w |
| 0:05 | Wisp |
| 0:06 | Wisp |
| 0:09 | Moon Well |
| 0:12 | Wisp |
| 0:35 | Wisp |
| 0:42 | Wisp |
| 1:03 | Ancient of War |
| 1:07 | Moon Well |
| 1:11 | Altar of Elders |
| 1:15 | Wisp |
| 1:24 | Wisp |
| 1:40 | Wisp |
| 1:45 | Wisp |
| 1:47 | Wisp |
| 2:11 | Archer |
| 2:13 | Wisp |
| 2:30 | Black Arrow |
| 2:35 | Archer |
| 2:48 | Tree of Ages |
| 2:56 | Archer |
| 3:18 | Moon Well |
| 3:28 | Archer |
| 4:06 | Life Drain |
| 4:10 | Archer |
| 4:13 | Hunter's Hall |
| 4:16 | Ancient of Wonders |
| 5:00 | Archer |
| 5:19 | Black Arrow |
| 5:27 | Tree of Life |
| 5:44 | Improved Bows |
| 5:48 | Ancient of Wind |
| 5:54 | Moon Well |
| 5:59 | Wisp |
| 6:32 | Ancient of Wind |
| 6:46 | Trueshot Aura |
| 7:31 | Hippogryph |
| 7:48 | Hippogryph |
| 7:50 | Hippogryph |
| 8:12 | Tree of Eternity |
| 8:15 | Wisp |
| 8:15 | Wisp |
| 8:19 | Hippogryph |
| 8:39 | Strength of the Moon |
| 8:45 | Wisp |
| 8:47 | Wisp |
| 8:58 | Hippogryph |
| 9:51 | Moon Well |
| 9:55 | Improved Strength of the Moon |
| 9:59 | Moon Well |
| 11:04 | Archer |
| 11:06 | Hippogryph |
| 11:07 | Archer |
| 11:14 | Ancient of War |
| Right click | 503 |
| Select group | 174 |
| Select | 119 |
| Build/train/purchase | 44 |
| Assign group | 33 |
| Chat | 29 |
| Misc. action | 16 |
| Minimap ping | 3 |
| Item give/drop | 2 |
⇛